 Dungeon Crawl Stone Soup version 0.31.0-11-ge490571c62 (webtiles) character file.

Game seed: 10846103227433802621

2479 Ruich the Summoner (level 9, -13/43 HPs)
             Began as a Felid Summoner on Feb 9, 2024.
             Was a Believer of Kikubaaqudgha.
             Killed by an exploding blazeheart core (44 damage)
             ... on level 7 of the Dungeon.
             The game lasted 00:33:32 (6799 turns).

Ruich the Summoner (Felid Summoner)                 Turns: 6799, Time: 00:33:32

Health: -13/43     AC:  2    Str:  8    XL:     9   Next: 27%
Magic:  10/20      EV: 19    Int: 20    God:    Kikubaaqudgha [**....]
Gold:   352        SH:  0    Dex: 16    Spells: 10/21 levels left
                                        Lives:  0   Deaths: 3

rFire   . . .        (weapon unavailable)
rCold   . . .        (shield unavailable)
rNeg    . . .        (body armour unavailable)
rPois   .            (helmet unavailable)
rElec   .            (cloak unavailable)
rCorr   .            (gloves unavailable)
SInv    +            (boots unavailable)
Will    +....        (no amulet)
Stlth   +++          (no ring)
HPRegen 0.27/turn    (no ring)
MPRegen 0.17/turn

%: no passive effects
@: no status effects
A: very small, claws 1, fangs 3, see invisible, shaggy fur 2, stealthy paws, no
weapons or thrown items, no armour, multi-lived
a: Renounce Religion, Unearth Wretches


You were on level 7 of the Dungeon.
You worshipped Kikubaaqudgha.
Kikubaaqudgha was pleased with you.
You visited 1 branch of the dungeon, and saw 7 of its levels.
You also visited: Ossuary.

You collected 352 gold pieces.


Innate Abilities, Weirdness & Mutations

You have sharp claws.
You have razor-sharp teeth.
You have supernaturally acute eyesight. (SInv)
You are covered in thick fur. (AC +2)
Your paws help you pounce on unaware monsters.
You are incapable of wielding weapons or throwing items.
You cannot wear armour.
You gain extra lives every three experience levels.


   Skills:
 + Level 2.5 Fighting
 + Level 4.6 Dodging
 + Level 4.7 Stealth
 + Level 6.6 Spellcasting
 + Level 8.0 Summonings
 + Level 4.7 Fire Magic
 + Level 2.2 Air Magic


You had 10 spell levels left.
You knew the following spells:

 Your Spells              Type           Power      Damage    Failure   Level
c - Call Canine Familiar  Summ           38%        N/A       1%          3
l - Summon Lightning Spi  Summ/Air       27%        N/A       12%         4
x - Summon Blazeheart Go  Fire/Summ      32%        N/A       7%          4

Your spell library contained the following spells:

 Spells                   Type           Power      Damage    Failure   Level
 Summon Small Mammal      Summ           100%       N/A       1%          1
 Call Imp                 Summ           76%        N/A       1%          2
 Apportation              Tloc           12%        N/A       10%         1
 Kiss of Death            Conj/Necr      24%        2d7       10%         1
 Necrotise                Necr           24%        1d5       10%         1
 Sting                    Conj/Alch      24%        1d4       10%         1
 Cigotuvi's Dreadful Rot  Necr/Alch/Air  18%        N/A       11%         2
 Ensorcelled Hibernation  Hex/Ice        12%        N/A       14%         2
 Fugue of the Fallen      Necr           6%         N/A       28%         3
 Anguish                  Hex/Necr       3%         N/A       67%         4
 Animate Dead             Necr           6%         N/A       67%         4

Inventory:

Wands
 k - a wand of charming (11)
 l - a wand of mindburst (7)
 p - a wand of polymorph (10)
Scrolls
 b - 2 scrolls of fog
 g - 2 scrolls of amnesia
 j - 2 scrolls of identify {@r1}
 m - 3 scrolls of teleportation {@r2}
 o - a scroll of noise {unknown}
Potions
 a - 2 potions of magic
 c - 5 potions of curing {@q1}
 d - 4 potions of mutation
 e - a potion of degeneration {unknown}
 f - a potion of enlightenment {unknown}
 h - a potion of berserk rage {!q}
 i - a potion of heal wounds {@q2}
 n - a potion of ambrosia {unknown}
 q - a potion of cancellation {unknown}

Dungeon Overview and Level Annotations

Branches:
Dungeon (7/15)            Ossuary (visited)
 Temple: D:4-7

Altars:
Cheibriados
Gozag
Kikubaaqudgha
Nemelex Xobeh
Yredelemnul

Shops:
D:1 [=*   D:4 ? D:6

?!*?!= g# #g
##g ..###.
#####)..<.
#####○.)).#
#....@○)#.#
#.###☼S...###.#
##8##.....#
#.##.#####
#.##.# #.##.#
#.##.# #.##.#
#. #.#


You could see a water moccasin (ally target) and a friendly lightning spire
(summoned).


Message History

The gnoll hits your lightning spire but does no damage.
A gnoll comes into view. It is wielding a +0 club.
The gnoll hits your lightning spire but does no damage.
Your attacks no longer feel as feeble.
Your lightning spire shoots out a bolt of lightning at the gnoll!
The bolt of electricity hits the gnoll!
The gnoll dies!
Kikubaaqudgha accepts your kill.
The gnoll hits your blazeheart golem with a +0 flail!
Your blazeheart golem barely misses the gnoll.
The gnoll hits your blazeheart golem but does no damage.
Your lightning spire shoots out a bolt of lightning at the gnoll!
The bolt of electricity hits the gnoll! x2
The gnoll dies!
Kikubaaqudgha accepts your kill.
A water moccasin comes into view.
Your blazeheart golem punches the gnoll.
The gnoll dies!
Kikubaaqudgha accepts your kill.
Your lightning spire shoots out a bolt of lightning at the water moccasin!
The bolt of electricity hits the water moccasin!
The water moccasin barely misses you.
Your blazeheart golem punches the water moccasin!
Your blazeheart golem falls apart, revealing its core!
The water moccasin bites you!
Your blazeheart core explodes!
The fiery explosion engulfs you!!!
Ouch! That really hurt!
You die...
Kikubaaqudgha rasps: "You have failed me!
Welcome... death!"

Skill      XL: |  1  2  3  4  5  6  7  8  9 |
---------------+----------------------------+-----
Spellcasting   | 3 4 5 6 |  6.6
Summonings     | 5 6 7 8 |  8.0
Fire Magic     | 2 3 4 |  4.7
Dodging        | 4 |  4.6
Stealth        | 4 |  4.7
Fighting       | 2 |  2.5
Air Magic      | 1 2 |  2.2

Action                     |  1- 3 |  4- 6 |  7- 9 || total
---------------------------+-------+-------+-------++-------
  Melee: Unarmed           |    26 |    34 |    21 ||    81
         Bite              |     1 |     6 |     3 ||    10
         Punch             |       |     1 |       ||     1
   Cast: Summon Small Mamm |    49 |    28 |       ||    77
         Call Canine Famil |     3 |    25 |    12 ||    40
         Summon Blazeheart |       |     2 |    32 ||    34
         Summon Lightning  |       |       |     3 ||     3
    Use: Scroll            |       |     5 |     6 ||    11
         Potion            |       |     4 |     3 ||     7
   Stab: Distracted        |     2 |     1 |       ||     3
         Sleeping          |     1 |       |       ||     1
 Armour: Skin              |    15 |    35 |    44 ||    94
  Dodge: Dodged            |    60 |    64 |    76 ||   200

Levels and vault maps discovered:
D:1:      roderic_chinese_lattice_arrival, layout_basic, serial_shops,
          nicolae_shop_rolling_square, shop, shop_fountains,
          grunt_decor_clamped, hangedman_decor_growths
D:2:      layout_rooms, shapermc_ecumenical_altar_mp_vishouse,
          minmay_curled_crystal
D:3:      layout_rooms, grunt_temple_overflow_opulence, uniq_crazy_yiuf_cottage,
          uniq_natasha
D:4:      layout_cave_pools, gammafunk_temple_overflow_wave, serial_shops,
          nicolae_shop_advertising_works [nicolae_subvault_shop_adworks],
          uniq_ijyb, uniq_blork_the_orc
D:5:      nicolae_cairo_tiling_very_big, layout_basic, tgw_kikubaaqudgha,
          uniq_menkaure, uniq_pikel, uniq_eustachio, uniq_sigmund
D:6:      layout_loops_cross, enter_ossuary_4,
          nicolae_shop_national_dungeon_mall
D:7:      layout_loops_ring, lemuel_temple_firewalk_b, enter_bailey_4

Notes
Turn   | Place    | Note
-------+----------+-------------------------------------------
     0 | D:1      | Ruich the Felid Summoner began the quest for the Orb.
     0 | D:1      | Reached XP level 1. HP: 9/9 MP: 4/4
   192 | D:1      | Found Foynahoh's General Store.
   453 | D:1      | Reached XP level 2. HP: 13/13 MP: 3/6
   582 | D:1      | Found Juguilikk's Armour Emporium.
   887 | D:1      | Found Vepuwk's Jewellery Emporium.
  1596 | D:2      | Found a faded altar of an unknown god.
  1707 | D:2      | Reached XP level 3. HP: 16/16 MP: 5/8
  1714 | D:2      | Learned a level 3 spell: Call Canine Familiar
  1760 | D:3      | Noticed Natasha
  1985 | D:3      | Slain by an orc
  1985 | D:3      | Lost a life (0 lives remaining)
  2004 | D:3      | Killed Natasha
  2005 | D:3      | Reached skill level 3 in Spellcasting
  2051 | D:3      | Noticed Natasha
  2067 | D:3      | Killed Natasha
  2068 | D:3      | Reached skill level 5 in Summonings
  2068 | D:3      | Reached XP level 4. HP: 21/21 MP: 6/9
  2068 | D:3      | Gained a life (1 life remaining)
  2143 | D:3      | Found a sparkling altar of Nemelex Xobeh.
  2143 | D:3      | Found an opulent altar of Gozag.
  2235 | D:3      | Noticed Natasha
  2244 | D:3      | Killed Natasha
  2278 | D:3      | Found a runed translucent door.
  2279 | D:3      | Noticed Crazy Yiuf
  2473 | D:4      | Noticed Blork the orc
  2492 | D:3      | Slain by Blork the orc
  2492 | D:3      | Lost a life (0 lives remaining)
  2568 | D:4      | Reached XP level 5. HP: 24/24 MP: 11/11
  2594 | D:4      | HP: 1/24 [sleepcap (15)]
  2725 | D:3      | Killed Blork the orc
  2726 | D:3      | Reached skill level 4 in Spellcasting
  2778 | D:3      | Killed Crazy Yiuf
  2779 | D:3      | Gained mutation: You are covered in thick fur. (AC +2)
                  | [Felid growth]
  2779 | D:3      | Reached XP level 6. HP: 28/28 MP: 13/13
  2786 | D:3      | Learned a level 4 spell: Summon Blazeheart Golem
  3037 | D:4      | Reached skill level 6 in Summonings
  3187 | D:4      | Found a basalt altar of Yredelemnul.
  3187 | D:4      | Found a snail-covered altar of Cheibriados.
  3357 | D:4      | Found Duarol's Magic Scroll Boutique.
  3397 | D:4      | Noticed Ijyb
  3436 | D:3      | Reached skill level 1 in Fire Magic
  3590 | D:4      | Killed Ijyb
  3726 | D:5      | Entered Level 5 of the Dungeon
  3774 | D:5      | Found an ancient bone altar of Kikubaaqudgha.
  3781 | D:5      | Noticed a human
  3783 | D:5      | Killed a human
  3785 | D:5      | Became a worshipper of Kikubaaqudgha
  3903 | D:5      | HP: 2/28 [iguana (14)]
  3979 | D:5      | Noticed Sigmund
  3999 | D:5      | HP: 2/28 [orc/+0 dagger (3)]
  4032 | D:5      | Killed Sigmund
  4033 | D:5      | Reached skill level 5 in Spellcasting
  4033 | D:5      | Reached skill level 2 in Fire Magic
  4033 | D:5      | Reached XP level 7. HP: 26/32 MP: 11/15
  4033 | D:5      | Gained a life (1 life remaining)
  4265 | D:5      | Killed by an exploding blazeheart core
  4265 | D:5      | Lost a life (0 lives remaining)
  4289 | D:5      | Noticed Menkaure
  4299 | D:5      | Noticed Pikel
  4301 | D:5      | Killed Menkaure
  4304 | D:5      | Killed Pikel
  4305 | D:5      | Reached skill level 7 in Summonings
  4305 | D:5      | Reached skill level 3 in Fire Magic
  4305 | D:5      | Reached XP level 8. HP: 36/36 MP: 6/17
  4348 | D:5      | Reached skill level 6 in Spellcasting
  4361 | D:5      | Reached skill level 4 in Fire Magic
  4376 | D:5      | Learned a level 4 spell: Summon Lightning Spire
  4512 | D:5      | Reached skill level 3 in Dodging
  4512 | D:5      | Reached skill level 3 in Stealth
  4822 | D:5      | Noticed Eustachio
  4832 | D:5      | Killed Eustachio
  4833 | D:5      | Reached skill level 1 in Fighting
  4833 | D:5      | Reached skill level 1 in Air Magic
  5256 | D:6      | HP: 3/37 [orc priest/divine providence (10)]
  5291 | D:6      | Reached * piety under Kikubaaqudgha
  5291 | D:6      | Received a gift from Kikubaaqudgha
  5519 | D:6      | Found Utuirgh's Magic Scroll Shop.
  5522 | D:6      | Found Uxibog's Distillery.
  5529 | D:6      | Reached skill level 4 in Stealth
  5534 | D:6      | Reached skill level 4 in Dodging
  5549 | D:6      | Found Laeckuha's General Store.
  5549 | D:6      | Found Hynnek's Magic Scroll Shop.
  5560 | D:6      | Reached skill level 2 in Fighting
  5560 | D:6      | Reached XP level 9. HP: 27/42 MP: 10/19
  5635 | D:6      | Found Pauz's Jewellery Boutique.
  5635 | D:6      | Found Cecvigh's Distillery.
  5704 | D:6      | Found a sand-covered staircase.
  5711 | Ossuary  | Entered an ossuary
  5881 | Ossuary  | Noticed a nameless horror
  5891 | Ossuary  | Killed a nameless horror
  6078 | Ossuary  | Reached skill level 2 in Air Magic
  6097 | Ossuary  | Reached ** piety under Kikubaaqudgha
  6301 | D:6      | Reached skill level 8 in Summonings
  6799 | D:7      | Killed by an exploding blazeheart core

Vanquished Creatures
  Pikel (D:5)
  A centaur (D:6)
  Blork the orc (D:3)
  A wight (Ossuary)
  Crazy Yiuf (D:3)
  A sleepcap (D:4)
  An orc wizard (D:6)
  2 gnolls (D:5)
  An adder (D:5)
  An adder skeleton (Ossuary)
  3 orcs
  A goblin (D:2)
  2 quokkas
  A frilled lizard (D:3)
  3 kobolds
  2 rats (D:1)
23 creatures vanquished.

Vanquished Creatures (collateral kills)
  Sigmund (D:5)
  Eustachio (D:5)
  A nameless horror (Ossuary)
  Menkaure (D:5)
  A sky beast (D:6)
  A bullfrog (D:6)
  4 scorpions (D:5)
  2 burial acolytes (Ossuary)
  2 wights (Ossuary)
  2 bombardier beetles
  A gnoll bouda (D:7)
  3 orc priests (D:6)
  3 hounds
  2 sleepcaps (D:4)
  Ijyb (D:4)
  Natasha (thrice) (D:3)
  4 iguanas
  An orc wizard (D:3)
  6 gnolls
  2 adders (D:5)
  2 ufetubi (D:6)
  A dart slug (D:1)
  2 ribbon worms (D:4)
  16 orcs
  5 ball pythons
  4 endoplasms
  A giant cockroach (D:1)
  A goblin (D:3)
  3 hobgoblins
  3 quokkas
  2 ball python skeletons (Ossuary)
  4 bats
  3 frilled lizards
  3 hobgoblin skeletons (Ossuary)
  3 kobolds
  2 kobold skeletons (Ossuary)
  2 rat zombies (D:6)
99 creatures vanquished.

Vanquished Creatures (others)
  A human (D:5)
  17 blazeheart cores
18 creatures vanquished.

Grand Total: 140 creatures vanquished

Table legend: (Time is in decaauts)
 A = Elapsed time spent in this place.
 B = Non-inter-level travel time spent in this place.
 C = Inter-level travel time spent in this place.
 D = Time resting spent in this place.
 E = Time spent auto-exploring this place.
 F = Levels seen in this place.
 G = Mean time per level.
                   A        B        C        D        E       F      G
               +--------+--------+--------+--------+--------+-----+--------+
         Total |   6800 |   6504 |    296 |   1925 |   2342 |   8 |  850.0 |
       Dungeon |   6277 |   5981 |    296 |   1763 |   2253 |   7 |  896.7 |
       Ossuary |    523 |    523 |      0 |    162 |     89 |   1 |  523.0 |
               +--------+--------+--------+--------+--------+-----+--------+

Top non-repeatable levels by time:
     D:5: 1411 daAuts
     D:6: 1069 daAuts
     D:1: 1054 daAuts
     D:4: 972 daAuts
     D:3: 888 daAuts
     D:2: 847 daAuts
 Ossuary: 523 daAuts
     D:7: 33 daAuts

Table legend:
 A = Non-vault XP
 B = Vault XP
 C = Vault XP percentage of total XP
 D = Non-vault monster count
 E = Vault monster count
 F = Vault count percentage of total count
                 A         B        C        D         E       F
            +---------+---------+-------+---------+---------+-------
      Total |    1767 |    1775 |  50.1 |      98 |      23 |  19.0
            +---------+---------+-------+---------+---------+-------
        D:1 |      28 |       0 |   0.0 |      16 |       0 |   0.0
        D:2 |      13 |       0 |   0.0 |       7 |       0 |   0.0
        D:3 |     126 |     172 |  57.7 |      14 |       3 |  17.6
        D:4 |     184 |      36 |  16.4 |      16 |       1 |   5.9
        D:5 |     632 |    1193 |  65.4 |      21 |       4 |  16.0
        D:6 |     670 |       2 |   0.3 |      18 |       2 |  10.0
        D:7 |     114 |       0 |   0.0 |       6 |       0 |   0.0
    Ossuary |       0 |     372 | 100.0 |       0 |      13 | 100.0
            +---------+---------+-------+---------+---------+-------
